[ AOE2 MATCH · #467282826 ]
UnrankedSicilians vs Khmer
[ REPLAY ANALYSIS · EXTRACTED FROM THE RECORDED GAME ]
Feudal
11:33
Castle
22:24
Imperial
38:57
| APM avg | 30.1 |
| APM peak | 96 |
| eAPM avg | 18.6 |
| Villagers / military | 215 / 70 |
Focus
⚔️ 31.0% · 🌾 69.0%
Serjeant ×55 · Spearman ×15
Feudal
12:37
Castle
17:42
Imperial
38:47
| APM avg | 30.3 |
| APM peak | 76 |
| eAPM avg | 21.9 |
| Villagers / military | 129 / 242 |
Focus
⚔️ 19.7% · 🌾 80.3%
Jaguar Warrior ×156 · Spearman ×53 · Battering Ram ×15 · Monk ×8 · Petard ×4 · Mangonel ×4
Feudal
12:47
Castle
16:30
Imperial
30:17
| APM avg | 48.5 |
| APM peak | 127 |
| eAPM avg | 25.2 |
| Villagers / military | 227 / 161 |
Focus
⚔️ 24.0% · 🌾 76.0%
Mangudai ×129 · Mangonel ×26 · Trebuchet (Packed) ×5 · Monk ×1
Feudal
9:19
Castle
22:11
Imperial
27:38
| APM avg | 54.2 |
| APM peak | 95 |
| eAPM avg | 31.0 |
| Villagers / military | 108 / 366 |
Focus
⚔️ 44.1% · 🌾 55.9%
Spearman ×161 · Scout Cavalry ×64 · Militia ×52 · Fishing Ship ×49 · Knight ×41 · Battering Ram ×37
Feudal
10:34
Castle
14:55
Imperial
33:26
| APM avg | 38.6 |
| APM peak | 74 |
| eAPM avg | 16.9 |
| Villagers / military | 113 / 163 |
Focus
⚔️ 49.0% · 🌾 51.0%
Cavalry Archer ×146 · Trade Cart ×24 · Battering Ram ×6 · Trebuchet (Packed) ×4 · Mangonel ×3 · Tarkan ×2
Feudal
9:57
Castle
16:12
Imperial
39:35
| APM avg | 30.8 |
| APM peak | 66 |
| eAPM avg | 20.6 |
| Villagers / military | 168 / 216 |
Focus
⚔️ 26.7% · 🌾 73.3%
Keshik ×180 · Scorpion ×20 · Trade Cart ×18 · Mangonel ×7 · Trebuchet (Packed) ×6 · Monk ×2
Feudal
12:11
Castle
19:50
Imperial
32:37
| APM avg | 35.9 |
| APM peak | 76 |
| eAPM avg | 23.1 |
| Villagers / military | 144 / 193 |
Focus
⚔️ 25.4% · 🌾 74.6%
Konnik ×183 · Fishing Ship ×61 · Trade Cart ×33 · Trebuchet (Packed) ×7 · Monk ×2 · Demolition Raft ×1
Feudal
12:40
Castle
15:45
Imperial
31:54
| APM avg | 35.0 |
| APM peak | 72 |
| eAPM avg | 25.2 |
| Villagers / military | 241 / 145 |
Focus
⚔️ 30.5% · 🌾 69.5%
Scout Cavalry ×65 · Battle Elephant ×29 · Knight ×19 · Scorpion ×10 · Battering Ram ×9 · Mangonel ×7
Match map
Initial resources + every placement click. Lines = walls · curves = elevation contours. ◆ gold · ⬟ stone · ● berries · ✦ relic · ◌ wall gap
Your base
InGodWeTrust's base
ramrod's base
36's base
FletcheR's base· Open — unwalled flank
Testicouille's base
The clown's base· Open — unwalled flank
Charlesmartel's base· Open — unwalled flank
Smoothed initial terrain · ◌ = detected wall gap · hover for details
Inputs per minute
— noone2021 - - InGodWeTrust
Build order — noone2021
First 150 of 398 actions detected
| 0:00 | Create | Villager (Male) |
| 0:01 | Create | Villager (Male) |
| 0:01 | Create | Villager (Male) |
| 0:02 | Build | House |
| 0:04 | Build | House |
| 0:08 | Create | Villager (Male) |
| 0:39 | Research | Loom |
| 0:46 | Create | Villager (Male) |
| 0:50 | Create | Villager (Male) |
| 1:28 | Build | Palisade Wall |
| 2:04 | Create | Villager (Male) |
| 2:30 | Create | Villager (Male) |
| 3:13 | Create | Villager (Male) |
| 3:18 | Build | Palisade Wall |
| 3:41 | Create | Villager (Male) |
| 3:55 | Build | Lumber Camp |
| 4:12 | Create | Villager (Male) |
| 4:41 | Create | Villager (Male) |
| 4:41 | Create | Villager (Male) |
| 5:08 | Build | House |
| 5:11 | Create | Villager (Male) |
| 5:27 | Create | Villager (Male) |
| 6:02 | Create | Villager (Male) |
| 6:19 | Create | Villager (Male) |
| 6:21 | Create | Villager (Male) |
| 6:55 | Create | Villager (Male) |
| 7:03 | Build | Mill |
| 7:05 | Build | House |
| 7:40 | Create | Villager (Male) |
| 8:03 | Create | Villager (Male) |
| 8:19 | Create | Villager (Male) |
| 8:55 | Create | Villager (Male) |
| 9:09 | Build | Mining Camp |
| 9:23 | Research | Feudal Age |
| 10:28 | Build | Donjon |
| 10:49 | Build | House |
| 10:54 | Create | Villager (Male) |
| 11:33 | Age | Feudal Age |
| 11:43 | Create | Serjeant |
| 11:43 | Create | Serjeant |
| 12:09 | Research | Double-Bit Axe |
| 12:09 | Create | Villager (Male) |
| 12:28 | Create | Villager (Male) |
| 12:32 | Create | Serjeant |
| 12:32 | Create | Serjeant |
| 12:37 | Build | Blacksmith |
| 12:45 | Build | House |
| 12:49 | Create | Serjeant |
| 12:57 | Build | House |
| 13:00 | Create | Villager (Male) |
| 13:07 | Research | Fletching |
| 13:07 | Research | Fletching |
| 13:23 | Build | Stone Wall |
| 13:24 | Create | Villager (Male) |
| 13:43 | Create | Villager (Male) |
| 13:59 | Build | House |
| 13:59 | Create | Villager (Male) |
| 14:07 | Research | Horse Collar |
| 14:07 | Research | Horse Collar |
| 14:22 | Build | Stone Wall |
| 14:25 | Create | Villager (Male) |
| 14:28 | Build | Farm |
| 14:36 | Build | House |
| 14:46 | Build | Farm |
| 14:47 | Build | Farm |
| 14:49 | Build | Farm |
| 14:50 | Build | Farm |
| 14:52 | Build | Farm |
| 14:53 | Build | Farm |
| 15:05 | Create | Villager (Male) |
| 15:10 | Build | Stone Wall |
| 15:25 | Create | Villager (Male) |
| 15:46 | Build | Stone Wall |
| 15:47 | Create | Villager (Male) |
| 16:11 | Build | Farm |
| 16:14 | Build | Farm |
| 16:17 | Build | Farm |
| 16:20 | Build | Farm |
| 16:21 | Create | Villager (Male) |
| 16:47 | Create | Villager (Male) |
| 16:54 | Build | Farm |
| 16:55 | Build | Farm |
| 16:57 | Create | Villager (Male) |
| 17:09 | Build | Stone Wall |
| 17:10 | Create | Villager (Male) |
| 17:24 | Build | Stone Wall |
| 17:27 | Build | Farm |
| 17:49 | Create | Villager (Male) |
| 17:52 | Build | Farm |
| 18:09 | Create | Villager (Male) |
| 18:12 | Build | Farm |
| 18:26 | Build | Stone Wall |
| 18:31 | Build | Farm |
| 18:43 | Create | Villager (Male) |
| 19:10 | Build | Market |
| 19:14 | Create | Villager (Male) |
| 19:44 | Research | Castle Age |
| 19:55 | Build | Farm |
| 20:04 | Build | Stone Wall |
| 20:30 | Research | Gold Mining |
| 20:46 | Build | Stone Wall |
| 22:24 | Age | Castle Age |
| 22:34 | Build | Town Center |
| 22:37 | Research | Bow Saw |
| 22:37 | Research | Bow Saw |
| 23:04 | Create | Villager (Male) |
| 23:19 | Create | Villager (Male) |
| 23:20 | Create | Villager (Male) |
| 23:25 | Research | Heavy Plow |
| 23:54 | Build | House |
| 23:55 | Build | House |
| 24:13 | Create | Villager (Male) |
| 24:13 | Create | Villager (Male) |
| 24:24 | Build | Town Center |
| 24:30 | Research | Wheelbarrow |
| 24:30 | Research | Wheelbarrow |
| 24:51 | Create | Villager (Male) |
| 24:52 | Create | Villager (Male) |
| 25:07 | Create | Villager (Male) |
| 25:07 | Create | Villager (Male) |
| 25:14 | Build | Farm |
| 25:19 | Build | Market |
| 25:29 | Create | Villager (Male) |
| 25:29 | Create | Villager (Male) |
| 25:36 | Build | Mining Camp |
| 25:42 | Build | Farm |
| 25:43 | Build | Farm |
| 25:45 | Build | Farm |
| 25:46 | Build | Farm |
| 25:49 | Build | Farm |
| 25:52 | Build | Farm |
| 25:53 | Create | Villager (Male) |
| 25:53 | Create | Villager (Male) |
| 26:00 | Build | Farm |
| 26:03 | Build | Farm |
| 26:04 | Build | Farm |
| 26:07 | Build | Farm |
| 26:08 | Build | Farm |
| 26:09 | Build | Farm |
| 26:48 | Build | Town Center |
| 26:51 | Create | Villager (Male) |
| 26:51 | Create | Villager (Male) |
| 27:07 | Create | Villager (Male) |
| 27:07 | Create | Villager (Male) |
| 27:14 | Build | Farm |
| 27:18 | Build | Farm |
| 27:30 | Create | Villager (Male) |
| 27:30 | Create | Villager (Male) |
| 27:37 | Build | Mining Camp |
| 27:39 | Create | Villager (Male) |
Build order — InGodWeTrust
First 150 of 414 actions detected
| 0:01 | Create | Villager (Male) |
| 0:02 | Create | Villager (Male) |
| 0:04 | Build | House |
| 0:05 | Build | House |
| 0:14 | Create | Villager (Male) |
| 0:14 | Create | Villager (Male) |
| 0:39 | Research | Loom |
| 0:40 | Create | Villager (Male) |
| 0:40 | Create | Villager (Male) |
| 0:59 | Build | Palisade Wall |
| 1:39 | Build | Palisade Wall |
| 1:58 | Create | Villager (Male) |
| 2:28 | Build | Lumber Camp |
| 2:30 | Create | Villager (Male) |
| 2:50 | Create | Villager (Male) |
| 3:17 | Create | Villager (Male) |
| 3:17 | Create | Villager (Male) |
| 3:45 | Create | Villager (Male) |
| 4:11 | Create | Villager (Male) |
| 4:29 | Create | Villager (Male) |
| 4:35 | Build | House |
| 4:45 | Create | Villager (Male) |
| 5:00 | Create | Villager (Male) |
| 5:09 | Build | Outpost |
| 5:16 | Create | Villager (Male) |
| 5:31 | Create | Villager (Male) |
| 5:31 | Create | Villager (Male) |
| 5:46 | Create | Villager (Male) |
| 6:25 | Build | House |
| 6:36 | Create | Villager (Male) |
| 6:36 | Create | Villager (Male) |
| 6:50 | Build | Mill |
| 7:06 | Build | House |
| 7:09 | Build | House |
| 7:23 | Create | Villager (Male) |
| 7:23 | Create | Villager (Male) |
| 7:29 | Create | Villager (Male) |
| 7:30 | Create | Villager (Male) |
| 7:30 | Create | Villager (Male) |
| 7:40 | Build | Lumber Camp |
| 7:56 | Create | Villager (Male) |
| 8:30 | Create | Villager (Male) |
| 8:30 | Create | Villager (Male) |
| 8:30 | Create | Villager (Male) |
| 8:48 | Build | Farm |
| 9:13 | Build | Farm |
| 9:41 | Build | Mining Camp |
| 10:12 | Build | Farm |
| 10:14 | Build | Farm |
| 10:22 | Research | Feudal Age |
| 11:04 | Build | Farm |
| 11:21 | Build | Palisade Wall |
| 11:52 | Create | Villager (Male) |
| 12:04 | Build | Mining Camp |
| 12:06 | Create | Villager (Male) |
| 12:37 | Age | Feudal Age |
| 12:39 | Build | Watch Tower |
| 12:41 | Create | Villager (Male) |
| 13:10 | Build | Stone Wall |
| 13:15 | Build | Stone Wall |
| 13:15 | Build | Stone Wall |
| 13:50 | Create | Villager (Male) |
| 14:00 | Build | Market |
| 14:03 | Build | Blacksmith |
| 14:06 | Create | Villager (Male) |
| 14:54 | Build | Farm |
| 15:02 | Research | Castle Age |
| 15:11 | Build | House |
| 15:53 | Build | Farm |
| 16:03 | Research | Double-Bit Axe |
| 16:28 | Research | Horse Collar |
| 16:57 | Create | Villager (Male) |
| 17:42 | Age | Castle Age |
| 17:44 | Build | Siege Workshop |
| 17:50 | Build | Monastery |
| 17:51 | Create | Villager (Male) |
| 18:06 | Build | Monastery |
| 18:09 | Build | Farm |
| 18:10 | Create | Villager (Male) |
| 18:21 | Create | Battering Ram |
| 18:22 | Create | Mangonel |
| 18:29 | Research | Gold Mining |
| 18:44 | Create | Villager (Male) |
| 19:00 | Build | House |
| 19:14 | Create | Battering Ram |
| 19:18 | Build | House |
| 19:19 | Create | Monk |
| 19:26 | Create | Villager (Male) |
| 19:30 | Build | House |
| 19:39 | Build | House |
| 19:47 | Research | Sanctity |
| 19:48 | Create | Monk |
| 19:50 | Create | Villager (Male) |
| 20:17 | Build | House |
| 20:19 | Create | Villager (Male) |
| 20:21 | Build | Farm |
| 20:26 | Build | Town Center |
| 20:36 | Create | Monk |
| 20:38 | Create | Monk |
| 20:49 | Build | House |
| 21:12 | Research | Wheelbarrow |
| 21:13 | Create | Villager (Male) |
| 21:24 | Create | Battering Ram |
| 21:39 | Create | Monk |
| 21:41 | Create | Villager (Male) |
| 21:43 | Build | House |
| 22:03 | Create | Mangonel |
| 22:24 | Build | House |
| 22:55 | Build | Stone Wall |
| 23:17 | Create | Monk ×2 |
| 23:33 | Build | Barracks |
| 23:45 | Research | Hand Cart |
| 23:45 | Create | Villager (Male) |
| 23:45 | Create | Villager (Male) |
| 23:47 | Build | House |
| 24:18 | Create | Spearman |
| 24:19 | Create | Spearman |
| 24:19 | Create | Spearman |
| 24:25 | Build | House |
| 24:29 | Create | Spearman |
| 24:32 | Build | House |
| 24:43 | Create | Spearman |
| 24:54 | Build | Barracks |
| 25:02 | Build | House |
| 25:20 | Create | Spearman ×3 |
| 25:31 | Build | Town Center |
| 25:38 | Build | House |
| 25:42 | Build | House |
| 25:47 | Build | House |
| 25:53 | Build | House |
| 25:57 | Build | Building 487 |
| 26:08 | Research | Pikeman (upgrade) |
| 26:16 | Build | Farm |
| 26:16 | Build | Farm |
| 26:35 | Build | House |
| 26:38 | Build | House |
| 26:41 | Create | Villager (Male) |
| 26:42 | Create | Villager (Male) |
| 26:46 | Build | Lumber Camp |
| 26:50 | Build | Farm |
| 26:51 | Build | Farm |
| 26:52 | Build | Farm |
| 26:54 | Create | Villager (Male) |
| 27:17 | Build | Castle |
| 27:26 | Create | Villager (Male) |
| 27:26 | Create | Villager (Male) |
| 27:30 | Build | Farm |
| 27:33 | Build | Farm |
| 27:38 | Build | Farm |
| 28:07 | Build | Stone Wall |
Build order — ramrod
First 150 of 514 actions detected
| 0:01 | Create | Villager (Male) |
| 0:01 | Create | Villager (Male) |
| 0:02 | Build | House |
| 0:04 | Build | House |
| 0:20 | Create | Villager (Male) |
| 0:20 | Create | Villager (Male) |
| 0:20 | Create | Villager (Male) |
| 1:32 | Create | Villager (Male) |
| 1:32 | Create | Villager (Male) |
| 2:01 | Create | Villager (Male) |
| 2:01 | Create | Villager (Male) |
| 2:22 | Create | Villager (Male) |
| 3:05 | Create | Villager (Male) |
| 3:05 | Create | Villager (Male) |
| 3:13 | Build | Lumber Camp |
| 3:57 | Create | Villager (Male) |
| 3:57 | Create | Villager (Male) |
| 3:57 | Create | Villager (Male) |
| 4:21 | Create | Villager (Male) |
| 4:25 | Build | House |
| 4:29 | Build | House |
| 5:20 | Research | Loom |
| 5:50 | Create | Villager (Male) |
| 5:50 | Create | Villager (Male) |
| 6:08 | Create | Villager (Male) |
| 6:09 | Create | Villager (Male) |
| 6:09 | Create | Villager (Male) |
| 6:09 | Create | Villager (Male) |
| 6:09 | Create | Villager (Male) |
| 6:34 | Build | House |
| 7:16 | Create | Villager (Male) |
| 7:16 | Create | Villager (Male) |
| 7:29 | Build | House |
| 7:37 | Build | Mill |
| 8:00 | Create | Villager (Male) |
| 8:06 | Build | House |
| 8:12 | Create | Villager (Male) |
| 8:13 | Create | Villager (Male) |
| 8:13 | Create | Villager (Male) |
| 9:01 | Create | Villager (Male) |
| 9:03 | Create | Villager (Male) |
| 10:07 | Create | Villager (Male) |
| 10:12 | Build | Palisade Wall |
| 10:21 | Build | Mining Camp |
| 10:27 | Research | Feudal Age |
| 10:59 | Create | Villager (Male) |
| 11:00 | Create | Villager (Male) |
| 11:49 | Build | House |
| 12:34 | Build | House |
| 12:47 | Age | Feudal Age |
| 12:52 | Build | Market |
| 12:54 | Build | Blacksmith |
| 13:14 | Build | Stone Wall |
| 13:50 | Research | Castle Age |
| 14:05 | Research | Double-Bit Axe |
| 14:06 | Research | Horse Collar |
| 14:16 | Create | Villager (Male) |
| 14:16 | Create | Villager (Male) |
| 14:54 | Build | House |
| 15:36 | Build | Lumber Camp |
| 15:40 | Build | House |
| 16:18 | Build | House |
| 16:20 | Build | House |
| 16:30 | Age | Castle Age |
| 16:33 | Build | Town Center |
| 16:42 | Build | Town Center |
| 16:44 | Research | Bow Saw |
| 16:49 | Create | Villager (Male) |
| 16:52 | Research | Heavy Plow |
| 17:20 | Build | Farm |
| 17:24 | Build | Farm |
| 17:26 | Build | Farm |
| 17:33 | Build | Farm |
| 17:45 | Create | Villager (Male) |
| 17:45 | Create | Villager (Male) |
| 17:54 | Build | House |
| 17:55 | Create | Villager (Male) |
| 18:03 | Create | Villager (Male) |
| 18:03 | Create | Villager (Male) |
| 18:07 | Create | Villager (Male) |
| 18:08 | Create | Villager (Male) |
| 18:11 | Build | Town Center |
| 18:14 | Create | Villager (Male) |
| 18:15 | Create | Villager (Male) |
| 18:21 | Build | Farm |
| 18:24 | Build | House |
| 18:26 | Create | Villager (Male) |
| 18:30 | Build | Farm |
| 18:34 | Build | Farm |
| 18:38 | Create | Villager (Male) |
| 18:49 | Create | Villager (Male) |
| 19:02 | Create | Villager (Male) |
| 19:02 | Create | Villager (Male) |
| 19:04 | Build | Farm |
| 19:08 | Build | Farm |
| 19:09 | Build | Farm |
| 19:10 | Build | Farm |
| 19:18 | Create | Villager (Male) |
| 19:19 | Create | Villager (Male) |
| 19:21 | Build | House |
| 19:24 | Build | House |
| 19:25 | Build | House |
| 19:27 | Create | Villager (Male) |
| 19:27 | Create | Villager (Male) |
| 19:27 | Create | Villager (Male) |
| 19:51 | Create | Villager (Male) |
| 19:52 | Create | Villager (Male) |
| 20:08 | Create | Villager (Male) |
| 20:11 | Create | Villager (Male) |
| 20:12 | Create | Villager (Male) |
| 20:23 | Build | Farm |
| 20:23 | Build | Farm |
| 20:23 | Build | Farm |
| 20:24 | Build | Farm |
| 20:24 | Build | Farm |
| 20:24 | Build | Farm |
| 20:25 | Build | Farm |
| 20:28 | Build | Farm |
| 20:30 | Build | Farm |
| 20:31 | Build | Farm |
| 20:32 | Build | Farm |
| 20:34 | Create | Villager (Male) |
| 20:34 | Create | Villager (Male) |
| 20:51 | Create | Villager (Male) |
| 20:51 | Create | Villager (Male) |
| 20:52 | Create | Villager (Male) |
| 20:52 | Create | Villager (Male) |
| 21:13 | Create | Villager (Male) |
| 21:13 | Create | Villager (Male) |
| 21:13 | Create | Villager (Male) |
| 21:18 | Build | Monastery |
| 21:19 | Build | University |
| 21:20 | Create | Villager (Male) |
| 21:32 | Build | Farm |
| 21:33 | Build | Farm |
| 21:33 | Build | Farm |
| 21:33 | Build | Farm |
| 21:34 | Build | Farm |
| 21:34 | Build | Farm |
| 21:37 | Build | Farm |
| 21:38 | Build | Farm |
| 21:38 | Build | Farm |
| 21:38 | Build | Farm |
| 21:38 | Build | Farm |
| 21:39 | Build | Farm |
| 21:42 | Create | Villager (Male) |
| 21:42 | Create | Villager (Male) |
| 21:57 | Create | Villager (Male) |
| 21:58 | Create | Villager (Male) |
| 21:58 | Create | Villager (Male) |
Build order — 36
First 150 of 769 actions detected
| 0:01 | Create | Villager (Male) |
| 0:01 | Create | Villager (Male) |
| 0:02 | Create | Villager (Male) |
| 0:02 | Create | Villager (Male) |
| 0:03 | Build | House |
| 0:05 | Build | House |
| 1:21 | Create | Villager (Male) |
| 1:46 | Create | Villager (Male) |
| 1:51 | Build | Lumber Camp |
| 2:21 | Create | Villager (Male) |
| 2:21 | Create | Villager (Male) |
| 3:05 | Create | Villager (Male) |
| 3:05 | Create | Villager (Male) |
| 3:05 | Create | Villager (Male) |
| 3:27 | Create | Villager (Male) |
| 3:27 | Create | Villager (Male) |
| 3:43 | Create | Villager (Male) |
| 3:57 | Build | House |
| 4:44 | Build | Dock |
| 4:52 | Create | Villager (Male) |
| 4:53 | Create | Villager (Male) |
| 4:53 | Create | Villager (Male) |
| 5:16 | Create | Villager (Male) |
| 5:17 | Create | Villager (Male) |
| 5:18 | Create | Villager (Male) |
| 6:28 | Create | Fishing Ship |
| 6:42 | Research | Loom |
| 7:09 | Research | Feudal Age |
| 7:09 | Research | Feudal Age |
| 7:45 | Build | House |
| 7:46 | Build | House |
| 8:11 | Create | Fishing Ship |
| 8:11 | Create | Fishing Ship |
| 8:28 | Create | Fishing Ship |
| 8:28 | Create | Fishing Ship |
| 9:15 | Create | Villager (Male) |
| 9:19 | Age | Feudal Age |
| 9:27 | Build | Town Center |
| 9:30 | Create | Villager (Male) |
| 10:04 | Create | Villager (Male) |
| 10:18 | Research | Double-Bit Axe |
| 10:19 | Research | Double-Bit Axe |
| 10:43 | Create | Villager (Male) |
| 10:55 | Create | Villager (Male) |
| 11:00 | Create | Villager (Male) |
| 11:01 | Create | Villager (Male) |
| 11:01 | Create | Villager (Male) |
| 11:20 | Create | Villager (Male) |
| 11:29 | Build | Mill |
| 11:45 | Create | Fishing Ship |
| 11:45 | Create | Fishing Ship |
| 12:07 | Build | House |
| 12:07 | Build | House |
| 12:08 | Build | House |
| 12:09 | Build | House |
| 12:17 | Create | Villager (Male) |
| 12:18 | Create | Villager (Male) |
| 12:30 | Build | Mining Camp |
| 12:42 | Create | Fishing Ship |
| 12:44 | Create | Villager (Male) |
| 12:44 | Create | Villager (Male) |
| 13:07 | Build | Dock |
| 13:08 | Create | Villager (Male) |
| 13:08 | Create | Villager (Male) |
| 13:23 | Create | Villager (Male) |
| 13:24 | Create | Villager (Male) |
| 13:26 | Research | Tech 906 |
| 13:35 | Create | Villager (Male) |
| 13:56 | Create | Villager (Male) |
| 13:58 | Build | Dock |
| 14:05 | Create | Villager (Male) |
| 14:07 | Create | Fishing Ship |
| 14:07 | Create | Fishing Ship |
| 14:28 | Create | Fishing Ship |
| 14:28 | Create | Fishing Ship |
| 14:30 | Create | Villager (Male) |
| 14:31 | Create | Villager (Male) |
| 14:36 | Build | House |
| 14:37 | Build | House |
| 14:38 | Build | House |
| 14:42 | Create | Villager (Male) |
| 14:51 | Create | Fishing Ship |
| 14:52 | Create | Fishing Ship |
| 14:56 | Create | Villager (Male) |
| 14:56 | Create | Villager (Male) |
| 15:02 | Create | Fishing Ship |
| 15:02 | Create | Fishing Ship |
| 15:14 | Build | Fish Trap |
| 15:15 | Create | Villager (Male) |
| 15:16 | Create | Villager (Male) |
| 15:27 | Create | Fishing Ship |
| 15:28 | Create | Fishing Ship |
| 15:39 | Build | Fish Trap |
| 15:40 | Create | Villager (Male) |
| 15:40 | Create | Villager (Male) |
| 15:40 | Create | Villager (Male) |
| 15:42 | Create | Fishing Ship |
| 15:42 | Create | Fishing Ship |
| 16:04 | Build | Fish Trap |
| 16:07 | Build | Blacksmith |
| 16:08 | Create | Villager (Male) |
| 16:08 | Create | Villager (Male) |
| 16:08 | Create | Villager (Male) |
| 16:18 | Create | Fishing Ship |
| 16:18 | Create | Fishing Ship |
| 16:35 | Build | Fish Trap |
| 16:38 | Create | Villager (Male) |
| 16:39 | Create | Villager (Male) |
| 16:39 | Create | Villager (Male) |
| 16:42 | Create | Fishing Ship |
| 16:43 | Create | Fishing Ship |
| 16:52 | Build | House |
| 16:53 | Build | House |
| 16:53 | Build | House |
| 16:54 | Build | House |
| 16:59 | Create | Villager (Male) |
| 16:59 | Create | Villager (Male) |
| 17:09 | Build | Market |
| 17:17 | Create | Fishing Ship |
| 17:17 | Create | Fishing Ship |
| 17:29 | Build | Fish Trap |
| 17:36 | Build | Fish Trap |
| 17:39 | Create | Villager (Male) |
| 17:46 | Build | Fish Trap |
| 17:52 | Build | Fish Trap |
| 17:55 | Create | Villager (Male) |
| 17:55 | Create | Villager (Male) |
| 18:01 | Build | Fish Trap |
| 18:10 | Build | Fish Trap |
| 18:18 | Build | House |
| 18:19 | Build | House |
| 18:19 | Build | House |
| 18:24 | Build | Fish Trap |
| 18:42 | Create | Fishing Ship |
| 18:43 | Create | Fishing Ship |
| 18:43 | Create | Fishing Ship |
| 18:43 | Create | Fishing Ship |
| 18:45 | Create | Villager (Male) |
| 18:46 | Create | Villager (Male) |
| 19:00 | Build | Lumber Camp |
| 19:19 | Build | Fish Trap |
| 19:23 | Build | Fish Trap |
| 19:26 | Build | Fish Trap |
| 19:28 | Research | Castle Age |
| 19:32 | Build | Fish Trap |
| 19:37 | Build | Fish Trap |
| 19:40 | Build | House |
| 19:55 | Build | Barracks |
| 20:01 | Build | Fish Trap |
| 20:05 | Build | Fish Trap |
Build order — FletcheR
First 150 of 438 actions detected
| 0:01 | Create | Villager (Male) ×4 |
| 1:18 | Create | Villager (Male) |
| 1:51 | Create | Villager (Male) |
| 2:03 | Build | Lumber Camp |
| 2:16 | Create | Villager (Male) |
| 2:53 | Create | Villager (Male) |
| 2:53 | Create | Villager (Male) |
| 3:30 | Create | Villager (Male) |
| 4:13 | Create | Villager (Male) |
| 4:34 | Create | Villager (Male) |
| 4:47 | Build | Mill |
| 4:50 | Create | Villager (Male) |
| 5:04 | Create | Villager (Male) |
| 5:37 | Create | Villager (Male) |
| 6:00 | Create | Villager (Male) |
| 6:27 | Create | Villager (Male) |
| 6:46 | Build | Farm |
| 7:02 | Create | Villager (Male) |
| 7:10 | Build | Farm |
| 7:16 | Create | Villager (Male) |
| 7:52 | Create | Villager (Male) |
| 8:05 | Build | Mining Camp |
| 8:24 | Research | Feudal Age |
| 8:43 | Build | Lumber Camp |
| 9:31 | Create | Villager (Male) |
| 9:31 | Create | Villager (Male) |
| 9:53 | Build | Barracks |
| 10:34 | Age | Feudal Age |
| 10:36 | Build | Blacksmith |
| 11:18 | Create | Villager (Male) |
| 11:30 | Build | Stable |
| 11:34 | Build | Archery Range |
| 11:49 | Create | Villager (Male) |
| 12:13 | Research | Castle Age |
| 12:32 | Research | Horse Collar |
| 12:34 | Build | Farm |
| 12:48 | Build | Farm |
| 13:05 | Create | Villager (Male) |
| 13:17 | Build | Farm |
| 13:27 | Research | Double-Bit Axe |
| 13:46 | Research | Loom |
| 14:18 | Create | Villager (Male) |
| 14:55 | Age | Castle Age |
| 14:56 | Build | Town Center |
| 14:58 | Research | Bow Saw |
| 15:00 | Create | Cavalry Archer |
| 15:00 | Create | Cavalry Archer |
| 15:06 | Build | Farm |
| 15:26 | Build | Siege Workshop |
| 15:31 | Create | Villager (Male) |
| 15:41 | Create | Villager (Male) |
| 15:44 | Create | Villager (Male) |
| 15:58 | Create | Cavalry Archer |
| 16:05 | Research | Fletching |
| 16:07 | Create | Villager (Male) |
| 16:18 | Create | Cavalry Archer |
| 16:19 | Create | Villager (Male) |
| 16:35 | Build | Palisade Wall |
| 16:51 | Create | Villager (Male) |
| 16:52 | Create | Mangonel |
| 17:08 | Create | Villager (Male) |
| 17:11 | Build | Archery Range |
| 17:17 | Build | Farm |
| 17:19 | Create | Villager (Male) |
| 17:19 | Create | Villager (Male) |
| 17:21 | Create | Cavalry Archer |
| 17:32 | Build | Farm |
| 17:40 | Build | Farm |
| 17:41 | Create | Cavalry Archer |
| 18:29 | Create | Mangonel |
| 18:30 | Create | Villager (Male) |
| 18:32 | Create | Villager (Male) |
| 18:33 | Create | Villager (Male) |
| 18:37 | Build | Lumber Camp |
| 18:41 | Build | Farm |
| 18:42 | Build | Farm |
| 18:44 | Build | Farm |
| 18:57 | Create | Cavalry Archer |
| 19:05 | Create | Villager (Male) |
| 19:26 | Create | Cavalry Archer |
| 19:26 | Create | Cavalry Archer |
| 19:28 | Create | Villager (Male) |
| 19:29 | Create | Villager (Male) |
| 19:31 | Build | Farm |
| 19:34 | Build | Farm |
| 19:37 | Create | Cavalry Archer |
| 20:18 | Build | Farm |
| 20:19 | Build | Farm |
| 20:24 | Research | Bodkin Arrow |
| 20:28 | Build | Farm |
| 20:30 | Build | Farm |
| 20:35 | Build | Stable |
| 20:47 | Create | Cavalry Archer |
| 20:49 | Create | Cavalry Archer |
| 20:50 | Create | Villager (Male) |
| 20:50 | Create | Villager (Male) |
| 21:11 | Create | Villager (Male) |
| 21:12 | Create | Villager (Male) |
| 21:19 | Create | Cavalry Archer |
| 21:24 | Create | Battering Ram |
| 21:45 | Create | Villager (Male) |
| 21:46 | Create | Villager (Male) |
| 21:46 | Create | Cavalry Archer |
| 21:47 | Create | Cavalry Archer |
| 22:20 | Create | Cavalry Archer |
| 22:20 | Create | Villager (Male) |
| 22:21 | Create | Villager (Male) |
| 22:22 | Create | Villager (Male) |
| 22:25 | Build | Farm |
| 22:26 | Build | Farm |
| 22:28 | Build | Mill |
| 22:37 | Research | Padded Archer Armor |
| 22:47 | Build | University |
| 23:04 | Create | Villager (Male) |
| 23:04 | Create | Cavalry Archer |
| 23:06 | Create | Cavalry Archer |
| 23:11 | Research | Bloodlines |
| 23:16 | Create | Villager (Male) |
| 23:16 | Create | Villager (Male) |
| 23:19 | Build | Archery Range |
| 24:01 | Create | Cavalry Archer |
| 24:01 | Create | Cavalry Archer |
| 24:14 | Create | Cavalry Archer |
| 24:15 | Create | Cavalry Archer |
| 24:27 | Create | Cavalry Archer |
| 24:27 | Create | Cavalry Archer |
| 24:28 | Create | Villager (Male) |
| 24:28 | Create | Villager (Male) |
| 24:29 | Create | Villager (Male) |
| 24:29 | Create | Villager (Male) |
| 24:29 | Create | Villager (Male) |
| 24:49 | Research | Ballistics |
| 24:56 | Create | Cavalry Archer |
| 24:57 | Create | Cavalry Archer |
| 24:57 | Create | Cavalry Archer |
| 25:16 | Create | Cavalry Archer |
| 25:16 | Create | Cavalry Archer |
| 25:23 | Create | Cavalry Archer |
| 25:31 | Create | Cavalry Archer |
| 25:51 | Create | Knight |
| 25:59 | Create | Cavalry Archer |
| 26:04 | Build | Farm |
| 26:05 | Create | Villager (Male) |
| 26:07 | Create | Villager (Male) |
| 26:07 | Create | Villager (Male) |
| 26:21 | Create | Cavalry Archer |
| 26:21 | Create | Cavalry Archer |
| 26:22 | Create | Villager (Male) |
| 26:22 | Create | Villager (Male) |
| 26:22 | Create | Villager (Male) |
Build order — Testicouille
First 150 of 431 actions detected
| 0:02 | Create | Villager (Male) |
| 0:02 | Create | Villager (Male) |
| 0:04 | Build | House |
| 0:06 | Build | House |
| 0:10 | Create | Villager (Male) |
| 0:11 | Create | Villager (Male) |
| 0:11 | Create | Villager (Male) |
| 1:35 | Create | Villager (Male) |
| 2:01 | Create | Villager (Male) |
| 2:01 | Create | Villager (Male) |
| 2:07 | Build | Lumber Camp |
| 2:37 | Create | Villager (Male) |
| 3:05 | Create | Villager (Male) |
| 3:05 | Create | Villager (Male) |
| 3:19 | Create | Villager (Male) |
| 3:46 | Research | Loom |
| 3:57 | Create | Villager (Male) |
| 3:57 | Create | Villager (Male) |
| 4:23 | Build | Palisade Wall |
| 4:35 | Create | Villager (Male) |
| 4:38 | Build | House |
| 5:08 | Create | Villager (Male) |
| 5:12 | Build | Mill |
| 5:45 | Create | Villager (Male) |
| 5:45 | Create | Villager (Male) |
| 5:46 | Create | Villager (Male) |
| 6:27 | Build | House |
| 6:35 | Create | Villager (Male) |
| 7:19 | Create | Villager (Male) |
| 7:47 | Research | Feudal Age |
| 8:31 | Create | Villager (Male) |
| 9:54 | Create | Villager (Male) |
| 9:57 | Age | Feudal Age |
| 10:02 | Build | Stone Wall |
| 10:38 | Build | Mining Camp |
| 10:49 | Build | Market |
| 10:50 | Create | Villager (Male) |
| 11:10 | Create | Villager (Male) |
| 11:45 | Create | Villager (Male) |
| 12:06 | Create | Villager (Male) |
| 12:22 | Build | House |
| 12:34 | Research | Town Watch |
| 12:39 | Build | Blacksmith |
| 13:32 | Research | Castle Age |
| 14:08 | Research | Double-Bit Axe |
| 14:35 | Build | Outpost |
| 14:53 | Build | House |
| 15:38 | Create | Villager (Male) |
| 15:38 | Create | Villager (Male) |
| 16:12 | Age | Castle Age |
| 16:18 | Build | Town Center |
| 16:36 | Research | Bow Saw |
| 16:38 | Research | Horse Collar |
| 16:51 | Build | House |
| 17:13 | Create | Villager (Male) |
| 17:15 | Create | Villager (Male) |
| 17:18 | Research | Heavy Plow |
| 17:31 | Create | Villager (Male) |
| 17:33 | Create | Villager (Male) |
| 17:42 | Create | Villager (Male) |
| 18:07 | Create | Villager (Male) |
| 18:43 | Create | Villager (Male) |
| 18:43 | Create | Villager (Male) |
| 18:43 | Create | Villager (Male) |
| 19:00 | Build | Town Center |
| 19:03 | Create | Villager (Male) |
| 19:10 | Create | Villager (Male) |
| 19:11 | Build | Farm |
| 19:15 | Build | Farm |
| 19:28 | Build | Farm |
| 19:34 | Build | Farm |
| 19:37 | Create | Villager (Male) |
| 19:43 | Create | Villager (Male) |
| 19:48 | Build | Farm |
| 19:53 | Create | Villager (Male) |
| 19:53 | Create | Villager (Male) |
| 20:03 | Build | Stone Wall |
| 20:05 | Create | Villager (Male) |
| 20:09 | Build | Siege Workshop |
| 20:14 | Create | Villager (Male) |
| 20:14 | Create | Villager (Male) |
| 20:27 | Create | Villager (Male) |
| 20:36 | Create | Villager (Male) |
| 20:47 | Create | Villager (Male) |
| 20:47 | Create | Villager (Male) |
| 20:55 | Create | Villager (Male) |
| 21:03 | Create | Mangonel |
| 21:05 | Create | Villager (Male) |
| 21:14 | Build | Farm |
| 21:15 | Build | Farm |
| 21:15 | Build | Farm |
| 21:15 | Build | Farm |
| 21:15 | Build | Farm |
| 21:17 | Build | House |
| 21:18 | Build | House |
| 21:26 | Build | Stone Wall |
| 21:28 | Create | Villager (Male) |
| 21:34 | Build | Farm |
| 21:39 | Build | House |
| 21:40 | Build | House |
| 21:44 | Create | Villager (Male) |
| 21:44 | Create | Villager (Male) |
| 22:02 | Create | Mangonel |
| 22:12 | Create | Villager (Male) |
| 22:12 | Create | Villager (Male) |
| 22:20 | Build | Siege Workshop |
| 22:26 | Build | Mining Camp |
| 22:30 | Create | Villager (Male) |
| 22:35 | Create | Villager (Male) |
| 22:39 | Create | Scorpion |
| 23:01 | Create | Villager (Male) |
| 23:01 | Create | Villager (Male) |
| 23:05 | Create | Villager (Male) |
| 23:05 | Create | Villager (Male) |
| 23:14 | Create | Mangonel |
| 23:44 | Create | Mangonel |
| 23:45 | Create | Villager (Male) |
| 23:45 | Create | Villager (Male) |
| 23:45 | Create | Villager (Male) |
| 24:23 | Create | Villager (Male) |
| 24:23 | Create | Villager (Male) |
| 24:24 | Create | Mangonel |
| 24:33 | Create | Mangonel |
| 24:50 | Create | Villager (Male) |
| 24:50 | Create | Villager (Male) |
| 24:58 | Build | House |
| 25:07 | Create | Villager (Male) |
| 25:11 | Create | Mangonel |
| 25:12 | Create | Villager (Male) |
| 25:44 | Build | House |
| 25:45 | Build | House |
| 25:46 | Build | House |
| 25:47 | Build | House |
| 25:48 | Create | Villager (Male) |
| 25:58 | Build | Siege Workshop |
| 26:01 | Build | Siege Workshop |
| 26:08 | Build | House |
| 26:10 | Build | House |
| 26:17 | Create | Villager (Male) |
| 26:22 | Create | Scorpion |
| 26:23 | Create | Scorpion |
| 26:42 | Create | Scorpion |
| 26:42 | Create | Scorpion |
| 26:42 | Create | Scorpion |
| 26:46 | Build | Mill |
| 26:47 | Build | Farm |
| 26:47 | Build | Farm |
| 26:47 | Build | Farm |
| 26:48 | Build | Farm |
| 26:48 | Build | Farm |
Build order — The clown
First 150 of 560 actions detected
| 0:02 | Create | Villager (Male) |
| 0:02 | Create | Villager (Male) |
| 0:03 | Build | House |
| 0:05 | Build | House |
| 0:06 | Build | House |
| 0:23 | Create | Villager (Male) |
| 0:31 | Create | Villager (Male) |
| 0:32 | Create | Villager (Male) |
| 1:32 | Create | Villager (Male) |
| 1:32 | Create | Villager (Male) |
| 1:35 | Research | Loom |
| 1:53 | Create | Villager (Male) |
| 2:07 | Build | Lumber Camp |
| 2:22 | Create | Villager (Male) |
| 2:22 | Create | Villager (Male) |
| 2:54 | Build | Palisade Wall |
| 2:57 | Build | Palisade Wall |
| 3:04 | Build | Palisade Wall |
| 3:14 | Create | Villager (Male) |
| 3:24 | Create | Villager (Male) |
| 3:24 | Create | Villager (Male) |
| 3:40 | Build | Palisade Wall |
| 3:43 | Build | Palisade Wall |
| 3:44 | Build | Palisade Wall |
| 3:56 | Build | Palisade Wall |
| 4:06 | Build | Palisade Wall |
| 4:09 | Create | Villager (Male) |
| 4:09 | Create | Villager (Male) |
| 4:44 | Create | Villager (Male) |
| 4:45 | Create | Villager (Male) |
| 5:10 | Create | Villager (Male) |
| 5:16 | Build | House |
| 5:18 | Create | Villager (Male) |
| 5:47 | Create | Villager (Male) |
| 5:47 | Create | Villager (Male) |
| 6:15 | Create | Villager (Male) |
| 6:35 | Build | Palisade Wall |
| 6:37 | Create | Villager (Male) |
| 6:37 | Create | Villager (Male) |
| 7:31 | Build | House |
| 7:42 | Create | Villager (Male) |
| 7:42 | Create | Villager (Male) |
| 8:01 | Build | Dock |
| 8:06 | Create | Villager (Male) |
| 8:07 | Create | Villager (Male) |
| 8:13 | Create | Villager (Male) |
| 8:33 | Build | Palisade Wall |
| 8:46 | Build | House |
| 9:19 | Create | Villager (Male) |
| 9:22 | Create | Fishing Ship |
| 9:22 | Create | Fishing Ship |
| 9:45 | Build | Mill |
| 10:01 | Research | Feudal Age |
| 10:01 | Research | Feudal Age |
| 10:25 | Build | Palisade Wall |
| 10:39 | Build | Lumber Camp |
| 11:02 | Build | Outpost |
| 11:37 | Create | Villager (Male) |
| 11:47 | Build | House |
| 12:11 | Age | Feudal Age |
| 12:20 | Build | Market |
| 12:28 | Build | Stone Wall |
| 12:29 | Build | Stone Wall |
| 12:30 | Build | Stone Wall |
| 12:35 | Create | Villager (Male) |
| 12:45 | Research | Double-Bit Axe |
| 12:45 | Research | Double-Bit Axe |
| 12:50 | Build | Stone Wall |
| 12:53 | Build | Outpost |
| 13:03 | Create | Villager (Male) |
| 13:07 | Create | Fishing Ship |
| 13:07 | Create | Fishing Ship |
| 13:11 | Build | House |
| 13:16 | Create | Villager (Male) |
| 13:38 | Create | Fishing Ship |
| 13:56 | Create | Villager (Male) |
| 14:16 | Create | Villager (Male) |
| 14:21 | Create | Fishing Ship |
| 14:21 | Create | Fishing Ship |
| 14:26 | Build | House |
| 14:29 | Build | House |
| 14:34 | Create | Villager (Male) |
| 15:06 | Build | Mining Camp |
| 15:12 | Create | Villager (Male) |
| 15:16 | Create | Fishing Ship |
| 15:21 | Build | Dock |
| 16:15 | Create | Villager (Male) |
| 16:32 | Build | Blacksmith |
| 16:37 | Create | Villager (Male) |
| 16:54 | Create | Fishing Ship |
| 16:55 | Create | Fishing Ship |
| 17:10 | Research | Castle Age |
| 17:14 | Create | Fishing Ship |
| 17:15 | Create | Fishing Ship |
| 17:59 | Build | House |
| 18:00 | Build | House |
| 18:05 | Create | Fishing Ship |
| 18:05 | Create | Fishing Ship |
| 18:19 | Build | Fish Trap |
| 18:27 | Build | Fish Trap |
| 18:40 | Build | Fish Trap |
| 18:46 | Build | House |
| 18:47 | Build | House |
| 19:35 | Create | Villager (Male) |
| 19:50 | Age | Castle Age |
| 19:55 | Build | House |
| 19:57 | Research | Bow Saw |
| 19:57 | Research | Bow Saw |
| 20:02 | Research | Tech 906 |
| 20:06 | Build | Town Center |
| 20:31 | Build | Town Center |
| 20:35 | Create | Villager (Male) |
| 20:35 | Create | Villager (Male) |
| 20:40 | Create | Villager (Male) |
| 20:41 | Create | Villager (Male) |
| 20:51 | Create | Villager (Male) |
| 20:51 | Create | Villager (Male) |
| 20:58 | Build | House |
| 20:59 | Build | House |
| 21:08 | Research | Gillnets |
| 21:08 | Research | Gillnets |
| 21:09 | Create | Villager (Male) |
| 21:18 | Create | Villager (Male) |
| 21:34 | Build | Monastery |
| 21:37 | Create | Villager (Male) |
| 21:38 | Create | Villager (Male) |
| 21:50 | Build | Stone Wall |
| 21:59 | Create | Villager (Male) |
| 21:59 | Create | Villager (Male) |
| 21:59 | Create | Villager (Male) |
| 22:11 | Build | Stone Wall |
| 22:14 | Build | Building 487 |
| 22:16 | Create | Villager (Male) |
| 22:16 | Create | Villager (Male) |
| 22:16 | Create | Villager (Male) |
| 22:18 | Create | Demolition Raft |
| 22:18 | Create | Fishing Ship |
| 22:19 | Create | Fishing Ship |
| 22:30 | Build | Dock |
| 22:33 | Build | Dock |
| 22:36 | Build | Fish Trap |
| 22:38 | Build | Fish Trap |
| 22:40 | Create | Villager (Male) |
| 22:40 | Create | Villager (Male) |
| 22:40 | Create | Villager (Male) |
| 22:54 | Create | Fishing Ship |
| 22:54 | Create | Fishing Ship |
| 22:56 | Build | Fish Trap |
| 22:59 | Build | Fish Trap |
| 23:01 | Build | Fish Trap |
Build order — Charlesmartel
First 150 of 647 actions detected
| 0:02 | Create | Villager (Male) |
| 0:02 | Create | Villager (Male) |
| 0:02 | Create | Villager (Male) |
| 0:04 | Build | House |
| 0:06 | Build | House |
| 0:27 | Create | Villager (Male) |
| 0:28 | Create | Villager (Male) |
| 0:28 | Create | Villager (Male) |
| 1:27 | Create | Villager (Male) |
| 1:27 | Create | Villager (Male) |
| 1:50 | Create | Villager (Male) |
| 1:51 | Create | Villager (Male) |
| 2:11 | Build | Lumber Camp |
| 2:28 | Create | Villager (Male) |
| 2:28 | Create | Villager (Male) |
| 2:33 | Create | Villager (Male) |
| 2:33 | Create | Villager (Male) |
| 3:12 | Create | Villager (Male) |
| 3:12 | Create | Villager (Male) |
| 3:12 | Create | Villager (Male) |
| 3:17 | Research | Loom |
| 3:44 | Create | Villager (Male) |
| 3:44 | Create | Villager (Male) |
| 3:58 | Build | Palisade Wall |
| 4:03 | Create | Villager (Male) |
| 4:03 | Create | Villager (Male) |
| 4:39 | Create | Villager (Male) |
| 5:01 | Build | House |
| 5:22 | Build | House |
| 5:27 | Build | House |
| 5:45 | Create | Villager (Male) |
| 5:49 | Build | House |
| 5:54 | Build | House |
| 6:04 | Build | Palisade Wall |
| 6:14 | Create | Villager (Male) |
| 7:57 | Create | Villager (Male) |
| 7:58 | Create | Villager (Male) |
| 8:06 | Build | Mining Camp |
| 8:23 | Create | Villager (Male) |
| 8:54 | Create | Villager (Male) |
| 9:15 | Create | Villager (Male) |
| 9:25 | Build | Outpost |
| 9:29 | Build | Palisade Wall |
| 9:45 | Build | Palisade Wall |
| 10:05 | Create | Villager (Male) |
| 10:28 | Research | Feudal Age |
| 11:24 | Build | Palisade Wall |
| 11:26 | Build | House |
| 11:41 | Build | Mill |
| 11:58 | Create | Villager (Male) |
| 12:40 | Age | Feudal Age |
| 12:55 | Research | Castle Age |
| 12:56 | Research | Castle Age |
| 13:09 | Build | Lumber Camp |
| 13:18 | Build | House |
| 13:50 | Build | Stone Wall |
| 13:59 | Build | Market |
| 14:07 | Build | Farm |
| 14:07 | Build | Farm |
| 14:08 | Build | Farm |
| 14:08 | Build | Farm |
| 14:08 | Build | Farm |
| 14:35 | Build | Farm |
| 15:41 | Create | Villager (Male) |
| 15:44 | Build | Farm |
| 15:45 | Age | Castle Age |
| 15:46 | Research | Double-Bit Axe |
| 15:57 | Build | Siege Workshop |
| 15:59 | Create | Villager (Male) |
| 16:14 | Build | Town Center |
| 16:18 | Create | Villager (Male) |
| 16:48 | Create | Mangonel |
| 16:53 | Build | House |
| 16:58 | Create | Villager (Male) |
| 16:59 | Create | Villager (Male) |
| 17:11 | Create | Villager (Male) |
| 17:34 | Create | Villager (Male) |
| 17:35 | Create | Villager (Male) |
| 18:20 | Create | Villager (Male) |
| 18:22 | Create | Villager (Male) |
| 18:23 | Create | Villager (Male) |
| 18:23 | Create | Villager (Male) |
| 18:23 | Create | Villager (Male) |
| 18:34 | Build | Town Center |
| 18:35 | Create | Villager (Male) |
| 18:35 | Create | Villager (Male) |
| 18:36 | Create | Villager (Male) |
| 18:49 | Create | Villager (Male) |
| 18:49 | Create | Villager (Male) |
| 18:50 | Create | Villager (Male) |
| 18:50 | Create | Villager (Male) |
| 18:59 | Build | Farm |
| 19:01 | Build | Farm |
| 19:02 | Build | Farm |
| 19:03 | Build | Farm |
| 19:04 | Build | Farm |
| 19:04 | Build | Farm |
| 19:05 | Build | Farm |
| 19:07 | Create | Villager (Male) |
| 19:13 | Create | Villager (Male) |
| 19:36 | Create | Villager (Male) |
| 19:38 | Build | Farm |
| 19:43 | Build | Lumber Camp |
| 19:59 | Create | Villager (Male) |
| 19:59 | Create | Villager (Male) |
| 20:08 | Create | Villager (Male) |
| 20:08 | Create | Villager (Male) |
| 20:18 | Build | Farm |
| 20:21 | Build | Farm |
| 20:24 | Build | Farm |
| 20:29 | Build | Farm |
| 20:31 | Create | Villager (Male) |
| 20:33 | Create | Villager (Male) |
| 20:33 | Create | Villager (Male) |
| 20:34 | Create | Villager (Male) |
| 20:42 | Build | Farm |
| 20:44 | Build | Farm |
| 20:46 | Create | Villager (Male) |
| 20:46 | Create | Villager (Male) |
| 20:49 | Build | Farm |
| 20:53 | Build | Farm |
| 20:55 | Build | Farm |
| 21:04 | Create | Villager (Male) |
| 21:10 | Create | Villager (Male) |
| 21:11 | Create | Villager (Male) |
| 21:29 | Create | Villager (Male) |
| 21:30 | Create | Villager (Male) |
| 21:30 | Create | Villager (Male) |
| 21:33 | Build | Farm |
| 21:34 | Build | Farm |
| 21:47 | Create | Villager (Male) |
| 21:47 | Create | Villager (Male) |
| 21:51 | Build | Farm |
| 21:54 | Build | Farm |
| 21:55 | Create | Villager (Male) |
| 21:56 | Create | Villager (Male) |
| 22:01 | Build | House |
| 22:03 | Build | House |
| 22:04 | Build | House |
| 22:09 | Build | Town Center |
| 22:14 | Create | Villager (Male) |
| 22:46 | Create | Villager (Male) |
| 22:47 | Research | Wheelbarrow |
| 22:47 | Create | Villager (Male) |
| 22:47 | Create | Villager (Male) |
| 22:50 | Create | Villager (Male) |
| 22:50 | Create | Villager (Male) |
| 22:54 | Build | Farm |
| 22:54 | Build | Farm |
| 22:55 | Build | Farm |
Match timeline
| 0:59 | InGodWeTrust · wall_segment Palisade Wall x9 |
| 1:28 | noone2021 · wall_segment Palisade Wall x9 |
| 1:39 | InGodWeTrust · wall_segment Palisade Wall x9 |
| 2:54 | The clown · wall_segment Palisade Wall x1 |
| 2:57 | The clown · wall_segment Palisade Wall x1 |
| 3:04 | The clown · wall_segment Palisade Wall x1 |
| 3:18 | noone2021 · wall_segment Palisade Wall x13 |
| 3:40 | The clown · wall_segment Palisade Wall x11 |
| 3:43 | The clown · wall_segment Palisade Wall x1 |
| 3:44 | The clown · wall_segment Palisade Wall x1 |
| 3:56 | The clown · wall_segment Palisade Wall x1 |
| 3:58 | Charlesmartel · wall_segment Palisade Wall x11 |
| 4:06 | The clown · wall_segment Palisade Wall x1 |
| 4:23 | Testicouille · wall_segment Palisade Wall x14 |
| 4:44 | 36 · first_building Dock |
| 6:04 | Charlesmartel · wall_segment Palisade Wall x1 |
| 6:35 | The clown · wall_segment Palisade Wall x9 |
| 8:01 | The clown · first_building Dock |
| 8:33 | The clown · wall_segment Palisade Wall x9 |
| 9:19 | 36 · age_up feudal |
| 9:29 | Charlesmartel · wall_segment Palisade Wall x11 |
| 9:45 | Charlesmartel · wall_segment Palisade Wall x1 |
| 9:53 | FletcheR · first_building Barracks |
| 9:57 | Testicouille · age_up feudal |
| 10:02 | Testicouille · wall_segment Stone Wall x12 |
| 10:12 | ramrod · wall_segment Palisade Wall x10 |
| 10:25 | The clown · wall_segment Palisade Wall x1 |
| 10:28 | noone2021 · first_building Donjon |
| 10:34 | FletcheR · age_up feudal |
| 11:21 | InGodWeTrust · wall_segment Palisade Wall x10 |
| 11:24 | Charlesmartel · wall_segment Palisade Wall x1 |
| 11:30 | FletcheR · first_building Stable |
| 11:33 | noone2021 · age_up feudal |
| 11:34 | FletcheR · first_building Archery Range |
| 12:11 | The clown · age_up feudal |
| 12:28 | The clown · wall_segment Stone Wall x5 |
| 12:29 | The clown · wall_segment Stone Wall x6 |
| 12:30 | The clown · wall_segment Stone Wall x1 |
| 12:37 | InGodWeTrust · age_up feudal |
| 12:40 | Charlesmartel · age_up feudal |
| 12:47 | ramrod · age_up feudal |
| 12:50 | The clown · wall_segment Stone Wall x10 |
| 13:10 | InGodWeTrust · wall_segment Stone Wall x10 |
| 13:14 | ramrod · wall_segment Stone Wall x10 |
| 13:15 | InGodWeTrust · wall_segment Stone Wall x1 |
| 13:15 | InGodWeTrust · wall_segment Stone Wall x1 |
| 13:23 | noone2021 · wall_segment Stone Wall x12 |
| 13:31 | Testicouille · first_market_sell 100 food |
| 13:50 | Charlesmartel · wall_segment Stone Wall x14 |
| 14:22 | noone2021 · wall_segment Stone Wall x12 |
| 14:55 | FletcheR · age_up castle |
| 15:10 | noone2021 · wall_segment Stone Wall x11 |
| 15:26 | FletcheR · first_building Siege Workshop |
| 15:45 | Charlesmartel · age_up castle |
| 15:46 | noone2021 · wall_segment Stone Wall x11 |
| 15:46 | The clown · first_market_sell 100 wood |
| 15:57 | Charlesmartel · first_building Siege Workshop |
| 16:12 | Testicouille · age_up castle |
| 16:30 | ramrod · age_up castle |
| 16:35 | FletcheR · wall_segment Palisade Wall x1 |
| 16:44 | Charlesmartel · first_market_buy 100 wood |
| 17:09 | noone2021 · wall_segment Stone Wall x1 |
| 17:24 | noone2021 · wall_segment Stone Wall x13 |
| 17:42 | InGodWeTrust · age_up castle |
| 17:44 | InGodWeTrust · first_building Siege Workshop |
| 17:50 | InGodWeTrust · first_building Monastery |
| 18:26 | noone2021 · wall_segment Stone Wall x16 |
| 18:30 | Charlesmartel · first_market_sell 100 wood |
| 18:31 | 36 · first_market_buy 100 food |
| 19:50 | The clown · age_up castle |
| 19:55 | 36 · first_building Barracks |
| 20:03 | Testicouille · wall_segment Stone Wall x13 |
| 20:04 | noone2021 · wall_segment Stone Wall x13 |
| 20:09 | Testicouille · first_building Siege Workshop |
| 20:40 | 36 · first_building Stable |
| 20:46 | noone2021 · wall_segment Stone Wall x10 |
| 21:18 | ramrod · first_building Monastery |
| 21:20 | 36 · first_building Siege Workshop |
| 21:26 | Testicouille · wall_segment Stone Wall x11 |
| 21:34 | The clown · first_building Monastery |
| 21:50 | The clown · wall_segment Stone Wall x12 |
| 22:11 | 36 · age_up castle |
| 22:11 | The clown · wall_segment Stone Wall x9 |
| 22:24 | noone2021 · age_up castle |
| 22:30 | noone2021 · first_market_sell 100 food |
| 22:31 | noone2021 · first_market_buy 100 stone |
| 22:47 | ramrod · first_market_sell 100 stone |
| 22:55 | InGodWeTrust · wall_segment Stone Wall x7 |
| 23:33 | ramrod · wall_segment Stone Wall x11 |
| 23:33 | InGodWeTrust · first_building Barracks |
| 26:49 | Charlesmartel · first_building Stable |
| 27:17 | InGodWeTrust · first_building Castle |
| 27:38 | 36 · age_up imperial |
| 27:54 | The clown · wall_segment Stone Wall x12 |
| 28:01 | ramrod · first_building Barracks |
| 28:07 | InGodWeTrust · wall_segment Stone Wall x4 |
| 28:12 | Testicouille · first_market_buy 500 food |
| 28:42 | InGodWeTrust · wall_segment Stone Wall x5 |
| 28:45 | InGodWeTrust · wall_segment Stone Wall x5 |
| 29:00 | ramrod · first_building Castle |
| 29:11 | InGodWeTrust · wall_segment Stone Wall x3 |
| 29:13 | InGodWeTrust · wall_segment Stone Wall x9 |
| 29:25 | The clown · first_market_buy 100 food |
| 29:48 | Charlesmartel · wall_segment Stone Wall x12 |
| 29:58 | InGodWeTrust · wall_segment Stone Wall x9 |
| 30:01 | ramrod · first_building Archery Range |
| 30:17 | ramrod · age_up imperial |
| 30:23 | ramrod · first_building Siege Workshop |
| 30:31 | Charlesmartel · wall_segment Stone Wall x1 |
| 30:45 | The clown · first_building Krepost |
| 30:46 | InGodWeTrust · wall_segment Stone Wall x1 |
| 30:47 | The clown · first_building Barracks |
| 31:01 | Charlesmartel · first_building Castle |
| 31:23 | FletcheR · first_building Monastery |
| 31:45 | The clown · first_building Stable |
| 31:54 | Charlesmartel · age_up imperial |
| 31:59 | The clown · first_building Castle |
| 32:37 | The clown · age_up imperial |
| 32:45 | 36 · first_building Monastery |
| 32:58 | InGodWeTrust · wall_segment Stone Wall x7 |
| 33:04 | The clown · wall_segment Stone Wall x12 |
| 33:26 | FletcheR · age_up imperial |
| 34:35 | noone2021 · first_building Monastery |
| 35:22 | noone2021 · wall_segment Stone Wall x2 |
| 35:24 | noone2021 · wall_segment Stone Wall x7 |
| 35:26 | Testicouille · first_building Monastery |
| 35:29 | InGodWeTrust · first_market_buy 100 food |
| 35:37 | The clown · wall_segment Stone Wall x6 |
| 36:50 | noone2021 · first_building Barracks |
| 37:22 | Testicouille · first_building Barracks |
| 38:12 | noone2021 · first_building Siege Workshop |
| 38:21 | noone2021 · wall_segment Stone Wall x12 |
| 38:28 | noone2021 · wall_segment Stone Wall x12 |
| 38:31 | Testicouille · first_building Stable |
| 38:47 | InGodWeTrust · age_up imperial |
| 38:50 | noone2021 · first_building Castle |
| 38:54 | FletcheR · first_building Castle |
| 38:57 | noone2021 · age_up imperial |
| 39:15 | Testicouille · first_building Castle |
| 39:35 | Testicouille · age_up imperial |
| 40:08 | ramrod · first_market_buy 500 stone |
| 40:15 | Charlesmartel · wall_segment Stone Wall x2 |
| 43:50 | ramrod · tribute_sent a jugador 1 |
| 43:50 | ramrod · tribute_sent a jugador 3 |
| 43:50 | ramrod · tribute_sent a jugador 4 |
| 43:50 | ramrod · tribute_sent a jugador 5 |
| 43:50 | ramrod · tribute_sent a jugador 6 |
| 43:50 | ramrod · tribute_sent a jugador 7 |
| 43:50 | ramrod · tribute_sent a jugador 8 |
| 44:12 | 36 · first_market_sell 100 stone |
| 51:44 | 36 · resign |
[ AI ANALYSIS · 1 CREDIT ]
What really happened in this match?
Wolo.gg analyzes every decision: build order, eco, micro, common mistakes by bracket. Personalized analysis on WhatsApp or Discord in 30 seconds.
Civ guide
Sicilians
Map guide
AW4 Rage Forest (Custom)
Perfil
Jugador #5668179